 Dungeon Crawl Stone Soup version bcrawl-1.32 (webtiles) character file.

Game seed: 4457793620905894846

138144 Morbidden the Ducker (level 4, -1/26 HPs)
             Began as an Avariel Archaeologist on July 8, 2021.
             Was an Initiate of the Shining One.
             Killed from afar by a crimson imp (7 damage)
             ... with a flame tongue
             ... on level 2 of the Dungeon.
             The game lasted 00:03:05 (1465 turns).

Morbidden the Ducker (Avariel Archaeologist)        Turns: 1465, Time: 00:03:05

Health: -1/26      AC:  7    Str: 10    XL:     4   Next: 25%
Magic:  6/6        EV: 13    Int: 25    God:    the Shining One [......]
Gold:   182        SH:  0    Dex: 11    Spells: 3/3 levels left

rFire    . . .     SeeInvis +   a - +0 short sword
rCold    . . .     Gourm    .   (no shield)
rNeg     . . .     Faith    .   c - +1 robe
rPois    +         Spirit   .   d - +1 hat
rElec    .         Reflect  .   (no cloak)
rCorr    .         Harm     .   m - +0 pair of gloves
MR       .....                  r - +1 pair of boots
Stlth    +.........             (no amulet)
HPRegen  0.08/turn              j - ring of poison resistance
MPRegen  0.10/turn              l - ring of see invisible

@: brilliant, berserk cooldown, slowed, glowing, very slow
A: no striking features
a: Renounce Religion


You were on level 2 of the Dungeon.
You worshipped the Shining One.
The Shining One was noncommittal.
You were very hungry.

You visited 1 branch of the dungeon, and saw 3 of its levels.

You collected 182 gold pieces.

Inventory:

Hand Weapons
 a - a +0 short sword (weapon)
 b - a +0 blowgun
Missiles
 f - 58 curare-tipped needles
 w - 38 poisoned needles
Armour
 c - a +1 robe (worn)
 d - a +1 hat (worn)
 m - a +0 pair of gloves (worn)
 r - a +1 pair of boots (worn)
Jewellery
 j - a ring of poison resistance (left hand)
 l - a ring of see invisible (right hand)
Scrolls
 g - 2 scrolls of magic mapping
 i - 2 scrolls of identify
 n - a scroll of enchant weapon {unknown}
 p - a scroll of blinking {unknown}
 q - a scroll of teleportation {unknown}
 v - a scroll of fear {unknown}
Miscellaneous
 h - a dusty tome
Comestibles
 e - 2 rations {!d}
 s - a chunk of flesh


   Skills:
 * Level 1.7 Fighting
 + Level 0.3 Short Blades
   Level 1.2 Maces & Flails
 * Level 4.1 Dodging
 + Level 3.8 Stealth
 + Level 0.2 Spellcasting
 * Level 0.7 Invocations


You had 3 spell levels left.
You didn't know any spells.
Your spell library was empty.

Dungeon Overview and Level Annotations

Branches:
Dungeon (3/12)

Altars:
Yredelemnul
The Shining One


Message History

You feel less wooden.
Your +1 hat unmelds from your body.
Your +0 pair of gloves unmelds from your body.
Your +1 pair of boots unmelds from your body.
Your +1 robe unmelds from your body.
The crimson imp hits you but does no damage.
You closely miss the crimson imp. The crimson imp closely misses you. x2
You hit the crimson imp but do no damage.
The crimson imp closely misses you. The crimson imp breathes fire at you.
The flame tongue hits you!
* * * LOW HITPOINT WARNING * * *
Unknown command.
The crimson imp misses you.
Things that are here:
a +0 club; a hobgoblin corpse; a frilled lizard corpse
There is a stone staircase leading down here.
The crimson imp breathes fire at you. The flame tongue hits you!
You die...

############
.........5@#
#####..#####
#.. #.. ...
##.# #. #.


You could see a crimson imp.

Vanquished Creatures
  Terence (D:3)
  2 oozes
  2 worms
  3 leopard geckos
  3 bats
  2 goblins (D:1)
  A hobgoblin (D:2)
  3 jackals (D:1)
  A quokka (D:3)
  4 frilled lizards
  6 kobolds
  3 rats
31 creatures vanquished.

Notes
Turn   | Place    | Note
-------+----------+-------------------------------------------
     0 | D:1      | Morbidden the Avariel Archaeologist began the quest for the
                  | Orb.
     0 | D:1      | Reached XP level 1. HP: 11/11 MP: 3/3
   247 | D:1      | Found a glowing golden altar of the Shining One.
   321 | D:1      | Became a worshipper of the Shining One
   363 | D:1      | Reached skill level 1 in Fighting
   363 | D:1      | Reached XP level 2. HP: 16/16 MP: 4/4
   931 | D:2      | Reached skill level 1 in Maces & Flails
   931 | D:2      | Reached XP level 3. HP: 20/20 MP: 5/5
  1159 | D:3      | Reached skill level 4 in Dodging
  1169 | D:3      | Noticed Terence
  1181 | D:3      | Killed Terence
  1182 | D:3      | Reached XP level 4. HP: 22/25 MP: 6/6
  1188 | D:3      | Found a basalt altar of Yredelemnul.
  1343 | D:3      | Noticed a hungry ghost
  1465 | D:2      | Killed from afar by a crimson imp

Skill      XL: |  1  2  3 |
---------------+----------+-----
Fighting       | 1 |  1.7
Maces & Flails | 1 |  1.2
Dodging        | 4 |  4.1
Short Blades   | |  0.3
Stealth        | |  3.8
Spellcasting   | |  0.2
Invocations    | |  0.7

Action                   |  1- 3 |  4- 6 || total
-------------------------+-------+-------++-------
Melee: Whip              |   113 |       ||   113
       Short sword       |       |    92 ||    92
 Fire: Blowgun           |     9 |     4 ||    13
  Use: Potion            |       |     4 ||     4
 Stab: Sleeping          |     1 |       ||     1
  Eat: Chunk             |     4 |     2 ||     6
Armor: Robe              |    40 |    20 ||    60
       Skin              |       |    18 ||    18
Dodge: Dodged            |   100 |    52 ||   152
